 Dungeon Crawl Stone Soup version 0.22-a0-608-g8a62e23 (webtiles) character file.

260 Lianjan the Skirmisher (level 6, -3/66 HPs)
             Began as an Ogre Fighter on July 9, 2018.
             Slain by an ice beast (14 damage)
             ... on level 3 of the Dungeon.
             The game lasted 00:03:25 (2751 turns).

Lianjan the Skirmisher (Ogre Fighter)               Turns: 2751, Time: 00:03:26

Health: -3/66      AC:  4    Str: 21    XL:     6   Next: 17%
Magic:  6/6        EV:  8    Int:  9    God:
Gold:   136        SH:  9    Dex: 10    Spells: 5/5 levels left

rFire    . . .     SeeInvis .   a - +0 trident
rCold    . . .     Gourm    .   c - +0 shield
rNeg     . . .     Faith    .   b - +0 robe
rPois    .         Spirit   .   (helmet restricted)
rElec    .         Reflect  .   k - +0 cloak
rCorr    .         Harm     .   (gloves unavailable)
MR       .....                  (boots unavailable)
Stlth    +.........             (no amulet)
HPRegen  0.21/turn              (no ring)
MPRegen  0.10/turn              (no ring)

@: no status effects
A: large, unfitting armour, tough skin 1
a: no special abilities


You were on level 3 of the Dungeon.
You were not hungry.

You visited 1 branch of the dungeon, and saw 4 of its levels.

You collected 136 gold pieces.

Inventory:

Hand Weapons
 a - a +0 trident (weapon)
Missiles
 j - 6 tomahawks (quivered)
Armour
 b - a +0 robe (worn)
 c - a +0 shield (worn)
 k - a +0 cloak (worn)
Jewellery
 r - a +3 ring of evasion {unknown}
Wands
 o - a wand of digging (13)
Scrolls
 e - 7 scrolls of identify {unknown}
 g - a scroll of fog {unknown}
 l - a scroll of magic mapping {unknown}
 m - a scroll of immolation {unknown}
Potions
 d - 2 potions of might
 h - a potion of heal wounds
 i - a potion of haste {unknown}
 n - 2 potions of agility {unknown}
 q - a potion of curing
Comestibles
 f - 4 rations
 p - a chunk of flesh


   Skills:
 + Level 5.5 Fighting
 * Level 4.6 Polearms
 - Level 2.6 Dodging
 + Level 3.8 Shields


You had 5 spell levels left.
You didn't know any spells.
Your spell library was empty.

Dungeon Overview and Level Annotations

Branches:
Dungeon (4/15)
 Temple: D:4-7

Altars:
Gozag
Hepliaklqana
Kikubaaqudgha


Innate Abilities, Weirdness & Mutations

You are too large for most types of armour.
You have tough skin. (AC +1)


Message History

You feel much better. The ice beast hits you. The ice beast freezes you!
* * * LOW HITPOINT WARNING * * *
You hit the ice beast but do no damage.
The ice beast is severely wounded.
You block the ice beast's attack.
You hit the ice beast but do no damage.
The ice beast is severely wounded.
The ice beast closely misses you.
You closely miss the ice beast.
The ice beast is severely wounded.
You block the ice beast's attack.
You barely miss the ice beast.
The ice beast is severely wounded.
You block the ice beast's attack.
You closely miss the ice beast.
The ice beast is severely wounded.
The ice beast hits you.
* * * LOW HITPOINT WARNING * * *
The ice beast freezes you!
You die...

####.##......# #.#
#.......)....# #.#
#....##.#....# #.#
#....##.#.##.####.#
#######.#.##.).##.#
#.#.####.##.#####
###>.....[........#
#....##.#########.########
#....'.lY@................
#....############.......##
#....# #.......# ######
#.......# ####......#
#......#### #......#
#......# #......#


You could see an ice beast and a leopard gecko.

Vanquished Creatures
  A crimson imp (D:3)
  Ijyb (D:3)
  Natasha (thrice) (D:3)
  Robin (D:2)
  4 adders
  An ooze (D:3)
  A worm (D:3)
  2 dart slugs (D:1)
  3 leopard geckos
  2 orcs (D:3)
  6 giant cockroaches
  15 goblins
  7 hobgoblins
  A quokka (D:3)
  A ball python (D:1)
  4 bats
  A frilled lizard (D:3)
  7 kobolds
  A quokka skeleton (D:4)
  4 rats
66 creatures vanquished.

Notes
Turn   | Place    | Note
-------+----------+-------------------------------------------
     0 | D:1      | Lianjan the Ogre Fighter began the quest for the Orb.
     0 | D:1      | Reached XP level 1. HP: 24/24 MP: 1/1
   213 | D:1      | Reached XP level 2. HP: 27/32 MP: 2/2
   687 | D:1      | Reached XP level 3. HP: 37/40 MP: 3/3
  1072 | D:2      | Noticed Robin
  1135 | D:2      | HP: 1/40 [Robin/mace (3)]
  1138 | D:2      | Killed Robin
  1138 | D:2      | Reached XP level 4. HP: 1/49 MP: 4/4
  1724 | D:2      | Found a hazy altar of Hepliaklqana.
  1953 | D:3      | Noticed Ijyb
  1986 | D:3      | Killed Ijyb
  1986 | D:3      | Reached skill level 5 in Fighting
  1986 | D:3      | Reached XP level 5. HP: 46/57 MP: 5/5
  2056 | D:3      | Found an opulent altar of Gozag.
  2118 | D:3      | Noticed Natasha
  2125 | D:3      | Killed Natasha
  2139 | D:3      | Noticed Natasha
  2156 | D:3      | Killed Natasha
  2401 | D:3      | Noticed Natasha
  2411 | D:3      | Killed Natasha
  2411 | D:3      | Reached XP level 6. HP: 62/66 MP: 6/6
  2435 | D:3      | Found an ancient bone altar of Kikubaaqudgha.
  2722 | D:4      | Noticed an ice beast
  2751 | D:3      | Slain by an ice beast

Vault maps used:
D:1:      minmay_arrival_four_houses
D:2:      marbit_many_paths, uniq_robin
D:3:      kiku_gazebo_pond_becter, grunt_gozag_statues,
          kennysheep_generic_room_14, uniq_ijyb, uniq_natasha
D:4:      lemuel_crystal_altar, uniq_grinder

Skill      XL: |  1  2  3  4  5 |
---------------+----------------+-----
Shields        | 3 |  3.8
Polearms       | 3 4 |  4.6
Fighting       | 5 |  5.5
Dodging        | |  2.6

Action                   |  1- 3 |  4- 6 || total
-------------------------+-------+-------++-------
Melee: Trident           |   134 |   156 ||   290
  Use: Potion            |       |     1 ||     1
 Stab: Sleeping          |     1 |     2 ||     3
       Distracted        |     1 |       ||     1
  Eat: Chunk             |     1 |     5 ||     6
Armor: Robe              |    26 |    22 ||    48
Dodge: Dodged            |    35 |    36 ||    71
Block: Shield            |    47 |    44 ||    91

Table legend:
 A = Spawn XP
 B = Non-spawn XP
 C = Spawn XP percentage of total XP
 D = Spawn monster count
 E = Non-spawn monster count
 F = Spawn count percentage of total count
 G = Total turns spent on level
                    A         B        C        D         E        F      G
               +---------+---------+-------+---------+---------+-------+---------
         Total |       0 |     372 |   0.0 |       0 |      66 |   0.0 |  2751
               +---------+---------+-------+---------+---------+-------+---------
           D:1 |       0 |      38 |   0.0 |       0 |      21 |   0.0 |   883
           D:2 |       0 |      88 |   0.0 |       0 |      21 |   0.0 |  1061
           D:3 |       0 |     242 |   0.0 |       0 |      22 |   0.0 |   750
           D:4 |       0 |       4 |   0.0 |       0 |       2 |   0.0 |    57
               +---------+---------+-------+---------+---------+-------+---------
